AoeStats
← maimadana

Arabia

510719166Analyzed
1v1 RM · 9h ago on Oct 2, 2026· 27m 9s· 2 players
Game mode
Random Map
Map size
Tiny (2 player)
Population
200
Speed
Normal
Resources
Standard
Victory
Conquest
Starting age
Dark Age
Ending age
Imperial Age
RankedLock teamsTeams togetherTeam positionsShared explorationLock speedFull tech treeHidden civsTurbo modeCheats
Victory
Defeat
🇺🇸 Tatars · United States
826
+14
🇨🇿 Britons · Czechia
791
-14
maimadana
4:36 Loom
9:42 Feudal Age
10:12 Double-Bit Axe
14:18 Horse Collar
18:42 Fletching
23:01 Castle Age
21:42 Gold Mining
22:45 Padded Archer Armor
23:04 Pikeman
23:46 Crossbowman
Spar27
9:12 Feudal Age
9:39 Double-Bit Axe
9:30 Man-at-Arms
12:14 Wheelbarrow
13:42 Horse Collar
15:26 Loom
20:52 Castle Age
20:21 Bloodlines
20:28 Scale Barding Armor
20:34 Forging
24:52 Gold Mining
27:26 Fletching
Connection lost

Rejoining the realm…

Still unreachable

The connection could not be restored.

Session expired

The server has moved on; the page needs a fresh start.